Map: Interloper LE

Players

Cuervo

  • Race: Zerg Zerg
  • Spawn Location: 11:00

Butterdarck - Winner!

  • Race: Zerg Zerg
  • League: Silver
  • Spawn Location: 5:00

VOD

Have the link to the VOD?

Description

Time

  • Played on: Sept. 19, 2017, 10:55 a.m.
  • Length: 3:50
Show
View Real Time Build Order
Export as new Build Order

Cuervo Zerg 

Build Orders: Pool First 

Get SALT Encoding   

  12  0:01  Drone  
  13  0:13  Overlord  
  13  0:17  Drone  
  14  0:31  Drone x2  
  16  0:37  Drone  
  17  0:45  Spawning Pool  
  17  0:49  Drone  
  17  1:12  Hatchery  
  17  1:14  Drone  
  17  1:23  Drone x2  
  19  1:31  Queen  
  21  1:37  Overlord  
  21  1:43  Drone  
  22  1:57  Zergling x2  
  22  2:00  Extractor  
  22  2:07  Queen  
  24  2:14  Drone x2  
  26  2:24  Drone  
  26  2:25  Queen  
  26  2:28  Zergling x2  
  30  2:46  Drone x4  
  30  2:48  Overlord  
  30  2:49  Drone  
  35  3:08  Drone  
  36  3:13  Overlord  
  36  3:24  Overlord  
  36  3:25  Overlord  
  36  3:30  Hatchery  
  35  3:36  Spine Crawler  
Show
View Real Time Build Order
Export as new Build Order

Butterdarck Zerg - Winner!

Build Orders: Pool First 

Get SALT Encoding   

  12  0:09  Overlord  
  12  0:16  Drone  
  12  0:18  Drone  
  14  0:38  Spawning Pool  
  14  0:40  Drone  
  14  0:47  Extractor  
  14  0:48  Drone  
  14  0:51  Drone  
  15  0:57  Drone  
  16  1:21  Hatchery  
  16  1:25  Drone  
  16  1:26  Zergling x2  
  16  1:29  Zergling x2  
  18  1:39  Extractor  
  17  1:40  Drone  
  18  1:51  Zergling x2  
  18  1:53  Queen  
  21  1:58  Drone  
  22  2:08  Metabolic Boost  
  22  2:18  Overlord  
  22  2:28  Overlord  
  22  2:44  Zergling x4  
  23  2:50  Drone x2  
  26  2:57  Overlord  
  26  3:03  Drone  
  27  3:07  Drone  
  27  3:10  Drone  
  29  3:15  Drone  
  30  3:20  Drone  
  30  3:23  Drone  
  30  3:26  Drone  
Tags
 
League
Silver
Matchup
ZvZ
Race
Zerg
Spawn Locations
Cross Positions
Add a new tag
Caveats
  • Supply blocks, unpowered buildings, or Contaminate may cause inaccurate times.
  • Supply counts are checked every 10 seconds.